 Dungeon Crawl Stone Soup version 0.29.1-15-g9cfb28693d (webtiles) character file.

Game seed: 2065050771590919594

2099 PhantomBowie the Cleaver (level 9, -8/81 HPs)
             Began as a Hill Orc Fighter on Mar 7, 2023.
             Was a Believer of Okawaru.
             Mangled by a cyan ugly thing (17 damage)
             ... on level 6 of the Dungeon.
             The game lasted 00:21:03 (6341 turns).

PhantomBowie the Cleaver (Hill Orc Fighter)         Turns: 6341, Time: 00:21:03

Health: -8/81      AC: 14    Str: 23    XL:     9   Next: 28%
Magic:  9/9        EV:  9    Int:  8    God:    Okawaru [**....]
Gold:   312        SH:  9    Dex: 10    Spells: 8/8 levels left

rFire   . . .      SeeInvis .   a - +0 war axe
rCold   + . .      Faith    .   e - +0 kite shield
rNeg    + . .      Spirit   .   o - +5 ring mail of Asota {rN+}
rPois   .          Reflect  .   y - +0 helmet
rElec   .          Harm     .   C - +0 cloak
rCorr   .          Rampage  .   (no gloves)
Will    .....                   (no boots)
Stlth   ..........              (no amulet)
HPRegen 0.23/turn               r - ring of protection from cold
MPRegen 0.11/turn               (no ring)

@: no status effects
A: no striking features
a: Renounce Religion, Heroism


You were on level 6 of the Dungeon.
You worshipped Okawaru.
Okawaru was pleased with you.
You visited 2 branches of the dungeon, and saw 7 of its levels.

You collected 312 gold pieces.

Inventory:

Hand Weapons
 a - a +0 war axe (weapon)
Armour
 e - a +0 kite shield (worn)
 o - the +5 ring mail of Asota (worn) {rN+}
   (You found it on level 2 of the Dungeon)

   rN:        It protects you from negative energy.
 y - a +0 helmet (worn)
 C - a +0 cloak (worn)
Jewellery
 r - a ring of protection from cold (left hand)
Wands
 d - a wand of polymorph (5)
 s - a wand of iceblast (15)
Scrolls
 c - 2 scrolls of identify {unknown}
 f - 2 scrolls of amnesia {unknown}
 h - 4 scrolls of butterflies {unknown}
 i - 2 scrolls of immolation {unknown}
 j - 2 scrolls of poison {unknown}
 k - a scroll of fear {unknown}
 l - a scroll of teleportation {unknown}
 v - a scroll of enchant armour {unknown}
 w - a scroll of noise {unknown}
 x - a scroll of torment {unknown}
 A - a scroll of silence {unknown}
 B - a scroll of blinking {unknown}
Potions
 b - a potion of berserk rage {unknown}
 g - 2 potions of mutation {unknown}
 m - 2 potions of cancellation {unknown}
 n - a potion of attraction {unknown}
 p - 6 potions of degeneration {unknown}
 q - 2 potions of flight {unknown}
 t - a potion of brilliance {unknown}
 u - 5 potions of might
 z - a potion of heal wounds {unknown}


   Skills:
 + Level 8.0 Fighting
 + Level 8.3 Axes
 + Level 7.3 Armour
 + Level 7.3 Shields


You had 8 spell levels left.
You didn't know any spells.
Your spell library contained the following spells:

 Spells                   Type           Power      Damage    Failure   Level
 Searing Ray              Conj           0%         2d4       94%         2
 Sublimation of Blood     Necr           0%         N/A       94%         2
 Wereblood                Tmut           0%         N/A       94%         2
 Gell's Gravitas          Tloc           0%         N/A       99%         3
 Stone Arrow              Conj/Erth      0%         3d7       99%         3
 Teleport Other           Tloc           0%         N/A       99%         3
 Hailstorm                Conj/Ice       0%         3d3       100%        4
 Dispersal                Tloc           0%         N/A       100%        6
 Lehudib's Crystal Spear  Conj/Erth      0%         10d2      100%        8
 Fire Storm               Conj/Fire      0%         5d1       100%        9
 Animate Armour           Summ/Erth      Unusable   N/A       N/A         4
 Summon Hydra             Summ           Unusable   N/A       N/A         7

Dungeon Overview and Level Annotations

Branches:
Dungeon (6/15)             Temple (1/1) D:5

Altars:
Ashenzari
Cheibriados
Fedhas
Gozag
Hepliaklqana
Kikubaaqudgha
Makhleb
Nemelex Xobeh
Okawaru
Qazlal
Ru
Sif Muna
Trog
Uskayaw
Vehumet
Wu Jian
Xom
Yredelemnul
Zin
The Shining One

Shops:
D:4 ?=(*   D:5 [:


Message History

Okawaru accepts your kill.
An orc comes into view. It is wielding a +0 dagger.
The orc shouts! x2
Items here: ) [ ††.
Okay, then.
An orc comes into view. It is wielding a +0 flail.
The orc barely misses you. You block the orc's attack.
The orc attacks as you move away! The orc barely misses you.
The orc attacks as you move away! You block the orc's attack.
The orc attacks as you move away! You block the orc's attack.
Found a glowing golden altar of the Shining One.
The orc attacks as you move away! The orc hits you but does no damage.
The orc attacks as you move away! The orc closely misses you.
You see here a black bear corpse.
You slash the orc!
You kill the orc!
Okawaru accepts your kill.
You closely miss the orc. You block the orc's attack.
You completely miss the orc. The orc hits you but does no damage.
You slash the orc!
You kill the orc!
Okawaru accepts your kill. The orc hits you but does no damage.
You slash the orc!
You kill the orc!
Okawaru accepts your kill.
The cyan ugly thing gurgles horribly!
Items here: ))) [[[ †††.
Okay, then.
There is an open door here.
There is an open door here.
The cyan ugly thing headbutts you. The cyan ugly thing shocks you!
* * * LOW HITPOINT WARNING * * *
The cyan ugly thing attacks as you move away!
The cyan ugly thing closely misses you. The cyan ugly thing headbutts you.
* * * LOW HITPOINT WARNING * * *
The cyan ugly thing shocks you!
You die...

..#..##...##..#.#.
#..... #.#.....###
.#._.# ##...
....###...# ..#.#.
#...##
#).........##..#..
#..# #
.#†.........##...##...
.#....#..[#..# #..#
.####.#...##..###..#
##.⌠......# #..#..#
....#.....# #.#@#
....####..####.u.#
...#............##
...'...#..####..#
...#......# ####
...####...#
....#....## #..⌠#..#.#
..###.##.#


You could see a cyan ugly thing.

Vanquished Creatures
  Prince Ribbit (D:5)
  Sigmund (D:3)
  Menkaure (D:5)
  A water moccasin (D:6)
  2 sky beasts (D:6)
  An ice beast (D:6)
  2 black bears
  2 ogres (D:5)
  A centaur (D:5)
  4 scorpions
  A hound (D:5)
  Crazy Yiuf (D:5)
  3 orc priests
  2 jellies
  3 iguanas
  An orc wizard (D:3)
  3 gnolls (D:6)
  11 adders
  A river rat (D:3)
  A shadow imp (D:6)
  An ufetubus (D:5)
  2 worms
  5 dart slugs
  11 orcs
  11 ball pythons
  5 endoplasms
  5 giant cockroaches
  10 hobgoblins
  13 jackals
  2 quokkas
  8 bats
  4 frilled lizards
  8 goblins
  5 kobolds
  8 rats
141 creatures vanquished.

Vanquished Creatures (others)
  A plant (D:5)
1 creature vanquished.

Grand Total: 142 creatures vanquished

Notes
Turn   | Place    | Note
-------+----------+-------------------------------------------
     0 | D:1      | PhantomBowie the Hill Orc Fighter began the quest for the
                  | Orb.
     0 | D:1      | Reached XP level 1. HP: 19/19 MP: 1/1
   347 | D:1      | Reached XP level 2. HP: 27/27 MP: 2/2
  1121 | D:2      | Reached XP level 3. HP: 32/33 MP: 3/3
  1661 | D:2      | Reached XP level 4. HP: 38/40 MP: 4/4
  1767 | D:2      | Identified the +5 ring mail of Asota {rN+}
  2070 | D:2      | Found a faded altar of an unknown god.
  2294 | D:3      | Noticed Sigmund
  2324 | D:3      | Killed Sigmund
  2325 | D:3      | Reached skill level 5 in Fighting
  2325 | D:3      | Reached XP level 5. HP: 39/48 MP: 5/5
  2325 | D:3      | Reached XP level 6. HP: 46/56 MP: 6/6
  2563 | D:3      | Reached skill level 5 in Axes
  2919 | D:3      | Reached skill level 5 in Shields
  3098 | D:3      | Found a shimmering altar of Xom.
  3136 | D:3      | Reached skill level 5 in Armour
  3200 | D:3      | Reached XP level 7. HP: 57/61 MP: 7/7
  3489 | D:4      | Found Xyof's Magic Scroll Boutique.
  3590 | D:4      | Found Liqinun's Jewellery Boutique.
  3614 | D:4      | Found Bosh's General Store.
  3646 | D:4      | Found Liefysk's Weapon Boutique.
  4273 | D:5      | Entered Level 5 of the Dungeon
  4286 | D:5      | Noticed Menkaure
  4291 | D:5      | Killed Menkaure
  4420 | D:5      | Found Jarchag's Antique Armour Shop.
  4538 | D:5      | Reached XP level 8. HP: 69/71 MP: 8/8
  4608 | D:5      | Found a staircase to the Ecumenical Temple.
  4614 | Temple   | Entered the Ecumenical Temple
  4809 | Temple   | Became a worshipper of Warmaster Okawaru
  4838 | D:5      | Found a stormy altar of Qazlal.
  4839 | D:5      | Found a burning altar of Makhleb.
  4840 | D:5      | Found an ancient bone altar of Kikubaaqudgha.
  5131 | D:5      | Noticed Prince Ribbit
  5145 | D:5      | Killed Prince Ribbit
  5202 | D:5      | Got the Treatise on Outbursts
  5243 | D:5      | Reached * piety under Okawaru
  5412 | D:5      | Found Uvibeja's Book Emporium.
  5476 | D:5      | Found a runed translucent door.
  5477 | D:5      | Noticed Crazy Yiuf
  5486 | D:5      | Killed Crazy Yiuf
  5726 | D:6      | Noticed a cyan ugly thing
  5846 | D:6      | Found a hazy altar of Hepliaklqana.
  6005 | D:6      | Reached XP level 9. HP: 63/79 MP: 9/9
  6105 | D:6      | Found a broken altar of Ashenzari.
  6233 | D:6      | Reached ** piety under Okawaru
  6303 | D:6      | Found a glowing golden altar of the Shining One.
  6341 | D:6      | Mangled by a cyan ugly thing

Illustrated notes

Levels and vault maps discovered:
D:1:      lemuel_arrival_muddy, layout_loops_ring
D:2:      layout_basic, hellmonk_ecumenical_altar_crossroads,
          skrybe_limestone_x, minmay_fractal_squares_5
D:3:      layout_basic, general_overflow_altar, gup_sewer_entry_bubbles,
          minmay_misc_feat_doors, uniq_sigmund
D:4:      wad_river_or_something, layout_loops_ring, serial_shops, shop, shop,
          shop, shop_statue
D:5:      layout_loops_ring, gammafunk_temple_overflow_forgotten,
          minmay_temple_entry_wispy, serial_shops, shop, shop,
          uniq_prince_ribbit1, uniq_crazy_yiuf_cottage, uniq_menkaure
D:6:      layout_loops_ring, elyvilon_altar_1, tso_metal_star,
          amcnicky_altar_gilded, evilmike_ruin_ashenzari, minmay_manual_mail
Temple:   nicolae_temple_bog_church

Skill      XL: |  1  2  3  4  5  6  7  8  9 |
---------------+----------------------------+-----
Axes           | 3 4 5 6 7 8 |  8.3
Fighting       | 4 5 6 7 8 |  8.0
Shields        | 4 5 6 7 |  7.3
Armour         | 4 5 6 7 |  7.3

Action                   |  1- 3 |  4- 6 |  7- 9 || total
-------------------------+-------+-------+-------++-------
Melee: War axe           |   109 |   185 |   231 ||   525
  Use: Potion            |       |     1 |       ||     1
 Stab: Invisible         |       |       |     1 ||     1
Armor: Scale mail        |    49 |     5 |       ||    54
       Skin              |       |     5 |       ||     5
       Ring mail         |       |    95 |    77 ||   172
Dodge: Dodged            |    54 |    80 |    72 ||   206
Block: Kite shield       |    49 |    93 |    92 ||   234
       Buckler           |     1 |       |       ||     1
